 Dungeon Crawl Stone Soup version 0.18.1-48-g4cf74bf (webtiles) character file.

16135 dearth the Fighter (level 12, -8/117 HPs)
             Began as a Hill Orc Fighter on Aug 5, 2016.
             Was a High Priest of Okawaru.
             Mangled by a cyan ugly thing (14 damage)
             ... on level 12 of the Dungeon.
             The game lasted 00:52:25 (12069 turns).

dearth the Fighter (Hill Orc Fighter)              Turns: 12069, Time: 00:52:26

Health: -8/117     AC: 13    Str: 24 (27) XL:     12   Next: 34%
Magic:  0/17       EV:  6    Int:  6 (8)  God:    Okawaru [*****.]
Gold:   80         SH: 13    Dex: 10 (13) Spells: 0 memorised, 11 levels left

rFire  . . .     SeeInvis .     H - +5 hand axe of Gloom {speed, rC+}
rCold  + . .     Gourm    .     v - +4 chain mail
rNeg   + . .     Faith    .     c - +2 shield
rPois  +         Spirit   +     (no helmet)
rElec  .         Dismiss  .     (no cloak)
rCorr  +         Reflect  .     G - +2 pair of gloves of Quoroet {*Drain +Fly rN+ rCorr}
SustAt .         Harm     .     (no boots)
MR     +....                    C - amulet of guardian spirit
Stlth  ..........               x - +6 ring of strength
                                k - ring of protection from magic

@: somewhat resistant to hostile enchantments, extremely unstealthy
A: deformed body, poison resistance, subdued magic 1
a: Heroism, Finesse, Renounce Religion, Evoke Flight


You were on level 12 of the Dungeon.
You worshipped Okawaru.
Okawaru was extremely pleased with you.
You were near starving.

You visited 2 branches of the dungeon, and saw 13 of its levels.
You also visited: Labyrinth.

You collected 651 gold pieces.
You spent 571 gold pieces at shops.

Inventory:

Hand Weapons
 y - the +0 war axe of Ijihymuy {chop, rC+ Str+2}
   (You found it on level 8 of the Dungeon)

   It inflicts extra damage upon your enemies.
   It affects your strength (+2).
   It protects you from cold.
 H - the +5 hand axe of Gloom (weapon) {speed, rC+}
   (Okawaru gifted it to you on level 10 of the Dungeon)

   Attacks with this weapon are significantly faster.
   It protects you from cold.
 L - the +0 war axe of the Queen {chop, MP-9 Str+6}
   (You found it on level 10 of the Dungeon)

   It inflicts extra damage upon your enemies.
   It affects your strength (+6).
   It affects your magic capacity (-9).
Missiles
 q - 13 tomahawks (quivered)
Armour
 c - a +2 shield (worn)
 v - a +4 chain mail (worn)
 G - the +2 pair of gloves of Quoroet (worn) {*Drain +Fly rN+ rCorr}
   (Okawaru gifted it to you in a labyrinth)

   It protects you from negative energy.
   It lets you fly.
   It protects you from acid and corrosion.
   It causes draining when unequipped.
 M - a +2 crystal plate armour
 X - a +2 plate armour of fire resistance
Jewellery
 g - an uncursed ring of protection from cold
 k - a ring of protection from magic (left hand)
 m - an uncursed ring of flight
 u - a +2 ring of protection
 w - an uncursed ring of protection from magic
 x - a +6 ring of strength (right hand)
 z - an uncursed amulet of dismissal
 C - an amulet of guardian spirit (around neck)
 R - an uncursed ring of protection from cold
 T - an uncursed ring of wizardry
Wands
 a - a wand of confusion (24/48)
 e - a wand of iceblast (6/15)
 l - a wand of iceblast (1/15)
 D - a wand of lightning (1/15)
 I - a wand of heal wounds (5/9)
 J - a wand of lightning (3/15)
 Q - a wand of iceblast (8/15)
 U - a wand of iceblast (6/15)
 V - a wand of paralysis (9/24)
 W - a wand of acid (9/15)
Scrolls
 b - 4 scrolls of teleportation
 h - a scroll of blinking
 i - 3 scrolls of identify
 o - a scroll of amnesia
 B - a scroll of recharging
 E - 2 scrolls of fear
 F - 2 scrolls of remove curse
 O - 3 scrolls of silence
 S - 3 scrolls of fog
Potions
 d - 3 potions of might
 p - 7 potions of curing
 r - 2 potions of brilliance
 s - a potion of haste
Books
 P - a book of the Warp

   Spells                             Type                      Level
   a - Recall                         Summoning/Translocation      3
   b - Gell's Gravitas                Hexes/Translocation          3
   c - Force Lance                    Conjuration/Translocation    4
   d - Warp Weapon                    Charms/Translocation         5
   e - Summon Forest                  Summoning/Translocation      5
Comestibles
 f - 5 bread rations
 j - 7 meat rations
 t - 3 slices of pizza


   Skills:
 * Level 14.1 Fighting
 + Level 13.5 Axes
 + Level 7.3 Armour
 + Level 7.3 Shields
 + Level 7.8 Invocations
 + Level 5.8 Evocations


You had 11 spell levels left.
You didn't know any spells.

Dungeon Overview and Level Annotations

Branches:
Dungeon (12/15)            Temple (1/1) D:5            Lair (0/8) D:8
    Orc (0/2) D:11

Altars:
Gozag
Kikubaaqudgha
Makhleb
Okawaru
Pakellas
Ru
Trog
Zin
The Shining One

Shops:
D:9 (   D:10 *}%*%


Innate Abilities, Weirdness & Mutations

Armour fits poorly on your strangely shaped body.
Your system is resistant to poisons.
Your spells are a little easier to cast, but a little less powerful.


Message History

You slash the cyan ugly thing!
The cyan ugly thing is moderately wounded.
The cyan ugly thing kicks you. The cyan ugly thing shocks you!
* * * LOW HITPOINT WARNING * * *
You hit the cyan ugly thing.
The cyan ugly thing is moderately wounded.
You closely miss the cyan ugly thing.
The cyan ugly thing is moderately wounded.
You closely miss the cyan ugly thing.
The cyan ugly thing is moderately wounded.
The cyan ugly thing kicks you.
* * * LOW HITPOINT WARNING * * *
The cyan ugly thing shocks you!
* * * LOW HITPOINT WARNING * * *
You hit the cyan ugly thing.
The cyan ugly thing is heavily wounded.
The cyan ugly thing kicks you!
* * * LOW HITPOINT WARNING * * *
The cyan ugly thing shocks you!
You die...

....#*,,,,,*
*,**,**,*
#####*,,,,,*
*,**.#*,* *******
*,,,..,,* #####
#######****.#***
∩...# #.....# *.#
###.###.../.# *.#
#.........# *.#
#####.....#####u#
#.........@.#
#############


You could see a cyan ugly thing.

Vanquished Creatures
  A minotaur (Lab)
  Erica (D:8)
  An ogre mage (D:11)
  The ghost of Heedrag the Cleaver, a novice MiFi of Okawaru (D:9)
  Sonja (D:10)
  An unseen horror (D:11)
  2 hill giants
  An ugly thing (D:11)
  Maurice (D:10)
  A gargoyle (D:11)
  2 centaur skeletons (D:10)
  Psyche (D:10)
  4 trolls
  A two-headed ogre (D:11)
  Prince Ribbit (D:8)
  A shadow (D:11)
  6 yaks (D:10)
  2 hungry ghosts
  2 hippogriffs
  A water moccasin (D:7)
  An ice beast (D:5)
  2 sky beasts
  8 orc warriors
  2 phantoms
  A necrophage (D:8)
  14 ogres
  3 centaurs
  4 big kobolds
  6 giant frogs
  A wyvern skeleton (D:10)
  8 scorpions
  15 killer bees
  5 wights (D:10)
  3 howler monkeys
  2 jellies
  A giant frog zombie (D:5)
  9 orc priests
  5 giant frog skeletons
  6 hounds
  A gnoll shaman (D:7)
  4 iguanas
  13 orc wizards
  14 worker ants
  A hound zombie (D:5)
  9 gnolls
  12 adders
  A shadow imp (D:7)
  An ooze (D:1)
  An adder skeleton (D:6)
  An adder zombie (D:6)
  4 worms (D:3)
  10 dart slugs
  9 giant geckos
  61 orcs
  7 giant cockroaches
  11 goblins
  6 hobgoblins
  11 jackals
  13 kobolds
  7 quokkas
  A ball python (D:5)
  13 bats
  A giant cockroach zombie (D:6)
  A giant gecko skeleton (D:4)
  10 giant newts
  A jackal skeleton (D:8)
  A quokka skeleton (D:9)
  7 rats
360 creatures vanquished.

Vanquished Creatures (others)
  4 toadstools (D:1)
4 creatures vanquished.

Grand Total: 364 creatures vanquished

Notes
Turn   | Place    | Note
--------------------------------------------------------------
     0 | D:1      | dearth the Hill Orc Fighter began the quest for the Orb.
     0 | D:1      | Reached XP level 1. HP: 19/19 MP: 1/1
   315 | D:1      | Reached XP level 2. HP: 27/27 MP: 2/2
   483 | D:1      | Reached skill level 4 in Fighting
   693 | D:1      | Reached XP level 3. HP: 32/33 MP: 3/3
   921 | D:2      | Reached XP level 4. HP: 17/41 MP: 4/4
  1242 | D:2      | Reached skill level 5 in Fighting
  1363 | D:2      | Found a glowing silver altar of Zin.
  1363 | D:2      | Found an iron altar of Okawaru.
  1363 | D:2      | Found a sacrificial altar of Ru.
  1372 | D:2      | Became a worshipper of Warmaster Okawaru
  1594 | D:2      | Found a bloodstained altar of Trog.
  1595 | D:2      | Found a glowing golden altar of the Shining One.
  1708 | D:3      | Reached XP level 5. HP: 17/48 MP: 5/5
  1718 | D:3      | Reached skill level 5 in Axes
  2332 | D:3      | Reached skill level 6 in Fighting
  2442 | D:3      | Reached XP level 6. HP: 53/58 MP: 6/6
  2632 | D:4      | Reached * piety under Okawaru
  2743 | D:4      | Noticed a phantom
  2768 | D:4      | Killed a phantom
  2768 | D:4      | Reached skill level 7 in Fighting
  2779 | D:4      | Got a faintly humming leather armour
  2789 | D:4      | Reached XP level 7. HP: 59/66 MP: 7/7
  2844 | D:3      | Identified the +2 leather armour of Wasted Space {Int+6} (You found it on level 4 of the Dungeon)
  3070 | D:4      | Reached ** piety under Okawaru
  3273 | D:4      | Reached skill level 8 in Fighting
  3452 | D:5      | Entered Level 5 of the Dungeon
  3460 | D:5      | Reached XP level 8. HP: 74/74 MP: 8/8
  3510 | D:5      | Found a staircase to the Ecumenical Temple.
  3583 | Temple   | Entered the Ecumenical Temple
  3808 | D:5      | Reached skill level 9 in Fighting
  3965 | D:5      | Gained mutation: Your system is resistant to poisons. [potion of mutation]
  3965 | D:5      | Gained mutation: Your spells are a little easier to cast, but a little less powerful. [potion of mutation]
  3965 | D:5      | Gained mutation: Armour fits poorly on your strangely shaped body. [potion of mutation]
  4004 | D:5      | Found a large runed door.
  4005 | D:5      | Found a large runed door.
  4084 | D:5      | Found a large runed door.
  4084 | D:5      | Found a large runed door.
  4268 | D:5      | Reached skill level 10 in Axes
  4323 | D:5      | Reached *** piety under Okawaru
  4427 | D:5      | Found an opulent altar of Gozag.
  4673 | D:6      | Reached skill level 10 in Fighting
  4698 | D:5      | Reached XP level 9. HP: 73/85 MP: 7/9
  5660 | D:7      | Reached **** piety under Okawaru
  5660 | D:7      | Reached skill level 1 in Invocations
  5660 | D:7      | Reached skill level 1 in Evocations
  5668 | D:7      | Reached skill level 11 in Fighting
  6113 | D:8      | Found a staircase to the Lair.
  6130 | D:8      | Noticed Prince Ribbit
  6375 | D:8      | Killed Prince Ribbit
  6546 | D:8      | Got a polished war axe
  6547 | D:8      | Identified the cursed +0 war axe of Ijihymuy {chop, rC+ Str+2} (You found it on level 8 of the Dungeon)
  6569 | D:8      | Reached XP level 10. HP: 81/96 MP: 11/11
  6877 | D:8      | Reached ***** piety under Okawaru
  6990 | D:8      | Noticed Erica
  6997 | D:8      | Killed Erica
  6997 | D:8      | Reached skill level 12 in Fighting
  7234 | D:9      | Noticed Heedrag's ghost (novice MiFi)
  7252 | D:9      | Killed Heedrag's ghost
  7252 | D:9      | Reached skill level 5 in Armour
  7252 | D:9      | Reached skill level 5 in Shields
  7384 | D:9      | Found Ubuloupo's Weapon Emporium.
  7439 | D:9      | Found a burning altar of Makhleb.
  7928 | D:10     | Entered Level 10 of the Dungeon
  7949 | D:10     | Found Caaciale's General Store.
  7956 | D:10     | Bought a scroll of recharging for 142 gold pieces
  7956 | D:10     | Bought a potion of haste for 150 gold pieces
  7978 | D:10     | Found Liuran's Food Shoppe.
  8166 | D:10     | Received a gift from Okawaru
  8166 | D:10     | Reached skill level 5 in Invocations
  8169 | D:10     | Got a dazzling hand axe {god gift}
  8179 | D:10     | Reached XP level 11. HP: 70/105 MP: 11/14
  8211 | D:10     | Identified the +5 hand axe of Gloom {speed, rC+} (Okawaru gifted it to you on level 10 of the Dungeon)
  8222 | D:10     | Noticed Maurice
  8537 | D:10     | Killed Maurice
  8605 | D:10     | Noticed Sonja
  8622 | D:10     | Killed Sonja
  8914 | D:10     | Found Kudopluu's Food Boutique.
  8920 | D:10     | Noticed Psyche
  8937 | D:10     | Killed Psyche
  9039 | D:10     | Reached skill level 13 in Fighting
  9086 | D:10     | Found Bireiguo's Gadget Shoppe.
  9107 | D:10     | Received a gift from Okawaru
  9259 | D:10     | Got a faintly glowing war axe
  9261 | D:10     | Identified the cursed +0 war axe of the Queen {chop, MP-9 Str+6} (You found it on level 10 of the Dungeon)
  9281 | D:10     | Bought a wand of iceblast (6/15) for 160 gold pieces
  9395 | D:10     | Found Yppy's General Store.
  9398 | D:10     | Bought a potion of heal wounds for 70 gold pieces
  9398 | D:10     | Bought a scroll of magic mapping for 49 gold pieces
  9556 | D:10     | Noticed a hill giant
  9573 | D:10     | Killed a hill giant
  9860 | D:11     | Found a staircase to the Orcish Mines.
 10029 | D:11     | Noticed a purple ugly thing
 10049 | D:11     | Killed a purple ugly thing
 10083 | D:11     | HP: 4/107 [ogre/giant spiked club (17)]
 10383 | D:11     | Reached skill level 5 in Evocations
 10508 | D:11     | Noticed an ogre mage
 10522 | D:11     | Killed an ogre mage
 10522 | D:11     | Reached XP level 12. HP: 59/116 MP: 12/17
 11377 | D:11     | Reached skill level 14 in Fighting
 11662 | D:12     | Found a labyrinth entrance.
 11666 | Lab      | Entered a labyrinth
 11974 | Lab      | Noticed a minotaur
 11999 | Lab      | Killed a minotaur
 11999 | Lab      | Received a gift from Okawaru
 12002 | Lab      | Got a pair of shimmering gloves {god gift}
 12008 | Lab      | Identified the +2 pair of gloves of Quoroet {*Drain +Fly rN+ rCorr} (Okawaru gifted it to you in a labyrinth)
 12069 | D:12     | Mangled by a cyan ugly thing

Skill      XL: |  1  2  3  4  5  6  7  8  9 10 11 12 |
---------------+-------------------------------------+-----
Axes           | 3 4 6 8 10 11 12 13 | 13.5
Fighting       | 4 5 6 7 8 10 11 12 13 14 | 14.1
Invocations    | 2 5 7 |  7.8
Evocations     | 2 3 5 |  5.8
Armour         | 4 5 6 7 |  7.3
Shields        | 4 5 6 7 |  7.3

Action                   |  1- 3 |  4- 6 |  7- 9 | 10-12 || total
-------------------------+-------+-------+-------+-------++-------
Melee: War axe           |    86 |   277 |   435 |   198 ||   996
       Hand axe          |       |       |       |   521 ||   521
Invok: Heroism           |       |       |       |     7 ||     7
       Finesse           |       |       |       |     3 ||     3
Evoke: Wand              |       |       |       |     3 ||     3
  Use: Scroll            |     1 |     1 |    12 |    13 ||    27
       Potion            |       |       |     7 |     5 ||    12
  Eat: Chunk             |       |     7 |    11 |    13 ||    31
       Fruit             |       |       |     2 |     3 ||     5
       Royal jelly       |       |       |       |     1 ||     1
       Beef jerky        |       |       |       |     1 ||     1
Armor: Scale mail        |    31 |    20 |       |       ||    51
       Chain mail        |       |   113 |   172 |   151 ||   436
Dodge: Dodged            |    29 |    71 |    95 |    81 ||   276
Block: Shield            |    42 |   168 |   207 |   260 ||   677
